 Dungeon Crawl Stone Soup version 0.21-a0-286-g6fcecc0 (webtiles) character file.

8 tidbits the Ruffian (level 2, -7/24 HPs)
             Began as a Draconian Skald on Sept 25, 2017.
             Killed from afar by Ijyb (11 damage)
             ... with a wand of lightning (?/15)
             ... on level 3 of the Dungeon.
             The game lasted 00:02:22 (370 turns).

tidbits the Ruffian (Draconian Skald)                Turns: 370, Time: 00:02:23

Health: -7/24      AC:  4    Str: 13    XL:     2   Next: 0%
Magic:  5/5        EV: 18    Int: 13    God:
Gold:   34         SH:  0    Dex: 15    Spells: 2/5 levels left

rFire    . . .     SeeInvis .     - Unarmed
rCold    . . .     Gourm    .   (no shield)
rNeg     . . .     Faith    .   (armour unavailable)
rPois    .         Spirit   .   (helmet restricted)
rElec    .         Reflect  .   (no cloak)
rCorr    .         Harm     .   (no gloves)
MR       .....                  (no boots)
Stlth    ++........             (no amulet)
HPRegen  0.08/turn              g - ring of wizardry
MPRegen  0.09/turn              (no ring)

@: confused, agile
A: unfitting armour, cold-blooded, AC +4
a: no special abilities


You were on level 3 of the Dungeon.
You were not hungry.

You visited 1 branch of the dungeon, and saw 3 of its levels.

You collected 34 gold pieces.

Inventory:

Missiles
 c - 21 bolts
Jewellery
 g - a ring of wizardry (left hand)
   (You found it on level 1 of the Dungeon)
Scrolls
 e - a scroll of recharging {unknown}
 f - a scroll of fog {unknown}
Books
 a - a book of Battle

   Spells                             Type                      Level
   a - Infusion                       Charms                       1
   b - Shroud of Golubria             Charms/Translocation         2
   c - Song of Slaying                Charms                       2
   d - Spectral Weapon                Hexes/Charms                 3
   e - Regeneration                   Charms/Necromancy            3
Comestibles
 b - 2 bread rations
 i - a chunk of flesh


   Skills:
 - Level 2.1 Fighting
 - Level 2.1 Dodging
 + Level 2.7 Unarmed Combat
 - Level 2.0 Spellcasting
 - Level 2.6 Charms


You had 2 spell levels left.
You knew the following spells:

 Your Spells              Type           Power        Failure   Level  Hunger
g - Shroud of Golubria    Chrm/Tloc      #.........   9%          2    ###....
i - Infusion              Chrm           #...         3%          1    ##.....


Dungeon Overview and Level Annotations

Branches:
Dungeon (3/15)

Altars:

Annotations:
D:3 Ijyb


Innate Abilities, Weirdness & Mutations

Your plain brown scales are hard. (AC +4)
You cannot fit into any form of body armour.
You are cold-blooded and may be slowed by cold attacks.


Message History

Really attack while wielding your book of Battle?
Okay, then.
Wield which item (- for none, * to show all)? (? for menu, Esc to quit)
You are now empty-handed.
You completely miss the rat.
Your tail-slap misses the rat.
The rat barely misses you.
You hit the rat!
You kill the rat!
Your magical infusion is running out.
You are no longer magically infusing your attacks.
There is a stone staircase leading down here.
Casting: Infusion
Confirm with . or Enter, or press ? or * to list all spells.
You miscast Infusion.
You are very lightly contaminated with residual magic.
Nothing appears to happen.
Magic restored.
Your magical contamination has completely faded away.
Found 31 stones.
You see here 31 stones.
There is a stone staircase leading down here.
You climb downwards.
There is a stone staircase leading up here.
Found a bread ration and a scroll labeled WUYMEKHL EPIOH.
Found a stone staircase leading up.
Found 10 gold pieces.
b - 2 bread rations (gained 1)
Found a stone staircase leading down.
Found 15 gold pieces.
There is a stone staircase leading up here.
You climb upwards.
There is a stone staircase leading down here.
Found a viscous white potion.
A goblin comes into view.
The goblin shouts!
Found a leather armour.
You see here a viscous white potion.
h - a viscous white potion
Casting: Infusion
Confirm with . or Enter, or press ? or * to list all spells.
You begin infusing your attacks with magical energy.
You closely miss the goblin. The goblin closely misses you.
You hit the goblin.
You kill the goblin!
Your magical infusion is running out.
You are no longer magically infusing your attacks.
Found an escape hatch in the floor.
There is a stone staircase leading down here.
Unknown command.
Magic restored.
You climb downwards.
There is a stone staircase leading up here.
You now have 34 gold pieces (gained 15).
A frilled lizard comes into view.
The frilled lizard hisses angrily.
There is a stone staircase leading down here.
Casting: Infusion
Confirm with . or Enter, or press ? or * to list all spells.
You begin infusing your attacks with magical energy.
You hit the frilled lizard!
You kill the frilled lizard!
You see here a frilled lizard corpse.
You butcher the frilled lizard corpse.
i - a chunk of flesh
There is a stone staircase leading down here.
You climb downwards.
There is a stone staircase leading up here.
A kobold comes into view.
The kobold throws a stone.
The stone closely misses you. The kobold barely misses you.
You closely miss the kobold. The kobold misses you.
You closely miss the kobold.
Your magical infusion is running out.
The kobold barely misses you.
You barely miss the kobold. The kobold misses you.
You closely miss the kobold. You hit the kobold.
You kill the kobold!
You have reached level 2!
Memorise Shroud of Golubria, consuming 2 spell levels and leaving 2?
You start memorising the spell.
You continue memorising. x2
You are no longer magically infusing your attacks.
You finish memorising.
Spell assigned to 'g'.
Found 21 stones.
Ijyb the Twisted Goblin comes into view.
She is wielding a club.
Ijyb shouts!
Okay, then.
It was a potion of ambrosia.
You are confused.
You feel invigorated.
Ijyb zaps a wand.
The bolt of lightning hits you!
It is a wand of lightning (?/15).
Ijyb screams, "I no like you!"
Ijyb zaps a wand.
The bolt of lightning misses you.
It was a potion of agility.
You feel agile all of a sudden.
Ijyb zaps a wand.
The bolt of lightning hits you!
Ouch! That really hurt!
* * * LOW HITPOINT WARNING * * *
The bolt of lightning hits you!
You die...

#. ... #+# #.# #.# #.#
#.# #.# ##.## ##.##
##.@.###### #(..#####
#.(..g......
#.......#####...#.#####
#.<.#.#...........#
#####...###########
#####


You could see Ijyb.

Vanquished Creatures
  A giant cockroach (D:1)
  2 goblins (D:1)
  A hobgoblin (D:1)
  A kobold (D:3)
  A frilled lizard (D:2)
  A rat (D:1)
7 creatures vanquished.

Notes
Turn   | Place    | Note
-------+----------+-------------------------------------------
     0 | D:1      | tidbits the Draconian Skald began the quest for the Orb.
     0 | D:1      | Reached XP level 1. HP: 17/17 MP: 3/3
   351 | D:3      | Reached XP level 2. HP: 24/24 MP: 3/5
   355 | D:3      | Learned a level 2 spell: Shroud of Golubria
   364 | D:3      | Noticed Ijyb
   370 | D:3      | Killed from afar by Ijyb

Vault maps used:
D:1:      dpeg_arrival_three_same_balls
D:2:      zin_scriptorium
D:3:      makhleb_altar_promises_db, tso_altar,
          chequers_ecumenical_altar_simple_redux, yredelemnul_altar_generic,
          uniq_ijyb

Action                   || total
-------------------------++-------
Melee: Unarmed           ||    20
       Punch             ||     1
 Cast: Infusion          ||     5
  Use: Potion            ||     2
Armor: Skin              ||     1
Dodge: Dodged            ||    11

Table legend:
 A = Spawn XP
 B = Non-spawn XP
 C = Spawn XP percentage of total XP
 D = Spawn monster count
 E = Non-spawn monster count
 F = Spawn count percentage of total count
 G = Total turns spent on level
                    A         B        C        D         E        F      G
               +---------+---------+-------+---------+---------+-------+---------
         Total |       0 |      12 |   0.0 |       0 |       7 |   0.0 |   370
               +---------+---------+-------+---------+---------+-------+---------
           D:1 |       0 |       9 |   0.0 |       0 |       5 |   0.0 |   288
           D:2 |       0 |       1 |   0.0 |       0 |       1 |   0.0 |    56
           D:3 |       0 |       2 |   0.0 |       0 |       1 |   0.0 |    26
               +---------+---------+-------+---------+---------+-------+---------

Table legend:
 A = Turns spent in this place as a percentage of turns spent in the entire game.
 B = Non-inter-level travel turns spent in this place as a percentage of non-inter-level travel turns spent in the entire game.
 C = Inter-level travel turns spent in this place as a percentage of turns spent in this place.
 D = Turns resting spent in this place as a percentage of non-inter-level travel turns spent in this place.
 E = Turns spent auto-exploring this place as a percentage of non-inter-level travel turns spent in this place.
 F = Non-inter-level travel turns spent in this place divided by the number of levels of this place that you've seen.
                   A       B       C       D       E      F
               +-------+-------+-------+-------+-------+----------------------
         Total | 100.0 | 100.0 |   0.0 |   0.0 |   0.0 | 123.3
       Dungeon | 100.0 | 100.0 |   0.0 |   0.0 |   0.0 | 123.3
               +-------+-------+-------+-------+-------+----------------------

Table legend:
 A = Kills in this place as a percentage of kills in entire the game.
 B = Kills by you in this place as a percentage of kills by you in the entire game.
 C = Kills by friends in this place as a percentage of kills by friends in the entire game.
 D = Other kills in this place as a percentage of other kills in the entire game.
 E = Experience gained in this place as a percentage of experience gained in the entire game.
 F = Experience gained in this place divided by the number of levels of this place that you have seen.
                   A       B       C       D       E      F
               +-------+-------+-------+-------+-------+----------------------
         Total | 100.0 | 100.0 |   N/A |   N/A | 100.0 |   4.0
       Dungeon | 100.0 | 100.0 |   N/A |   N/A | 100.0 |   4.0
               +-------+-------+-------+-------+-------+----------------------

Vault maps used:
D:1:      dpeg_arrival_three_same_balls
D:2:      zin_scriptorium
D:3:      makhleb_altar_promises_db, tso_altar,
          chequers_ecumenical_altar_simple_redux, yredelemnul_altar_generic,
          uniq_ijyb
